Map: Galactic Process LE

Players

HeroMarine - Winner!

  • Race: Terran Terran

ShoWTimE

  • Race: Protoss Protoss

Event: 2016 WCS Summer Circuit Championship (DH Montreal)

VOD

Have the link to the VOD?

Description

Time

  • Played on: Aug. 12, 2016, 1:27 p.m.
  • Length: 9:05

All games in this series

Show
View Real Time Build Order
Export as new Build Order

HeroMarine Terran - Winner!

Build Orders: Reaper Expand, MMM Bio 

Get SALT Encoding   

  12  0:00  SCV  
  13  0:12  SCV  
  14  0:17  Supply Depot  
  14  0:24  SCV  
  15  0:35  Refinery  
  15  0:38  SCV  
  16  0:44  Barracks  
  16  0:50  SCV  
  17  1:03  SCV  
  18  1:15  SCV  
  19  1:31  Reaper, Orbital Command  
  20  1:43  Command Center  
  20  1:55  Factory  
  20  1:56  SCV  
  21  2:01  Refinery  
  21  2:08  SCV  
  21  2:12  Barracks Reactor  
  21  2:14  Supply Depot  
  22  2:20  SCV  
  23  2:35  SCV  
  24  2:39  Starport  
  24  2:42  Widow Mine  
  26  2:48  SCV  
  26  2:49  Marine x2  
  29  2:55  Orbital Command  
  29  3:00  SCV  
  30  3:07  Marine x2  
  30  3:10  Widow Mine  
  30  3:12  SCV  
  35  3:16  Medivac  
  37  3:21  SCV  
  37  3:24  SCV  
  37  3:26  Supply Depot  
  39  3:27  Marine  
  39  3:31  Marine  
  39  3:33  SCV  
  42  3:36  SCV  
  42  3:39  Widow Mine  
  45  3:45  SCV  
  45  3:48  Marine, SCV  
  48  3:49  Marine  
  48  3:52  Supply Depot  
  49  3:58  Medivac, SCV  
  49  4:00  SCV  
  53  4:03  Barracks  
  53  4:06  Engineering Bay  
  53  4:10  SCV  
  53  4:11  Factory Tech Lab  
  53  4:13  Marine  
  53  4:14  Marine, SCV  
  57  4:22  Supply Depot, SCV  
  57  4:26  SCV  
  57  4:30  Viking  
  60  4:35  Marine x2  
  62  4:42  Missile Turret  
  62  4:43  Missile Turret  
  62  4:44  Cyclone, SCV  
  67  4:47  Supply Depot  
  67  4:48  SCV  
  67  4:51  Liberator  
  67  4:57  Marine x2  
  67  4:58  SCV  
  69  5:04  Barracks Tech Lab  
  70  5:11  Refinery  
  72  5:16  Marine x2  
  72  5:18  SCV  
  72  5:19  SCV  
  76  5:22  Stimpack  
  76  5:23  Terran Infantry Weapons Level 1, Marine  
  76  5:24  Barracks  
  75  5:31  SCV x2  
  75  5:34  Marine  
  76  5:37  Marine  
  76  5:39  Siege Tank  
  76  5:41  Marine  
  77  5:43  SCV  
  76  5:52  Command Center, Marine  
  76  5:55  Marine  
  78  5:58  Barracks  
  78  6:04  Barracks  
  78  6:07  Refinery  
  78  6:08  Supply Depot  
  78  6:10  Starport Reactor  
  78  6:12  Supply Depot  
  78  6:15  Barracks Reactor, Marine x2, SCV x2  
  82  6:28  Marine  
  82  6:29  Siege Tank  
  82  6:30  SCV x2  
  86  6:33  Marine, Marauder  
  89  6:47  Barracks Tech Lab  
  89  6:48  Medivac x2  
  89  6:51  SCV x2  
  95  6:54  Marauder  
  95  7:00  Marine x4  
  101  7:04  Orbital Command  
  101  7:06  Combat Shields, Concussive Shells  
  101  7:10  Marauder  
  101  7:13  Marauder  
  105  7:16  Marauder  
  105  7:17  Marine  
  105  7:21  Marine x2  
  110  7:24  Orbital Command  
  110  7:25  Medivac  
  110  7:29  Supply Depot, SCV x2  
  114  7:30  Supply Depot  
  114  7:36  Marauder  
  116  7:39  Marine  
  117  7:47  Supply Depot, SCV  
  117  7:48  Supply Depot  
  118  7:51  Marauder  
  118  7:52  Missile Turret  
  118  7:56  Liberator x2  
  118  7:57  SCV  
  113  7:59  SCV  
  113  8:00  Marine x2  
  113  8:02  Marauder  
  117  8:07  Marauder  
  117  8:08  Marine x2  
  117  8:12  Marauder  
  111  8:16  SCV  
  118  8:20  SCV x2  
  118  8:26  Marauder  
  122  8:29  SCV  
  122  8:31  Marine x3  
  122  8:32  SCV, Marine, Marauder  
  122  8:33  SCV  
  131  8:39  Supply Depot  
  131  8:40  Supply Depot  
  131  8:41  SCV  
  132  8:44  Marine  
  132  8:47  Marine  
  131  8:53  SCV x2  
  131  8:54  Armory  
  131  8:55  Engineering Bay  
Show
View Real Time Build Order
Export as new Build Order

ShoWTimE Protoss 

Build Orders: 1 Gate Expand, Dark Templar Rush 

Get SALT Encoding   

  12  0:00  Probe (Chrono Boost)  
  13  0:11  Probe (Chrono Boost)  
  14  0:17  Pylon  
  14  0:22  Probe (Chrono Boost)  
  15  0:35  Probe (Chrono Boost)  
  16  0:36  Gateway  
  16  0:43  Assimilator  
  16  0:46  Probe (Chrono Boost)  
  17  0:56  Probe (Chrono Boost)  
  18  1:07  Probe (Chrono Boost)  
  19  1:20  Nexus  
  19  1:23  Probe (Chrono Boost)  
  20  1:29  Assimilator  
  20  1:34  Probe (Chrono Boost)  
  21  1:41  Pylon  
  21  1:44  Probe (Chrono Boost)  
  22  1:56  Zealot  
  22  1:59  Cybernetics Core  
  24  2:04  Probe (Chrono Boost)  
  26  2:16  Probe (Chrono Boost)  
  26  2:26  Probe (Chrono Boost)  
  27  2:33  Adept  
  27  2:35  Mothership Core (Chrono Boost)  
  27  2:36  Warp Gate  
  31  2:38  Probe (Chrono Boost)  
  31  2:42  Robotics Facility  
  32  2:50  Probe (Chrono Boost)  
  33  2:54  Probe (Chrono Boost)  
  34  2:58  Twilight Council  
  34  3:01  Probe (Chrono Boost)  
  34  3:04  Probe (Chrono Boost)  
  36  3:12  Probe (Chrono Boost), Pylon  
  37  3:15  Probe (Chrono Boost)  
  38  3:23  Probe (Chrono Boost)  
  38  3:25  Probe (Chrono Boost)  
  42  3:35  Probe (Chrono Boost), Warp Prism  
  42  3:36  Probe (Chrono Boost)  
  42  3:37  Dark Shrine  
  44  3:47  Probe (Chrono Boost)  
  46  3:48  Probe (Chrono Boost)  
  46  3:52  Gateway  
  46  3:55  Gateway  
  46  3:59  Probe (Chrono Boost)  
  46  4:00  Probe (Chrono Boost)  
  48  4:04  Pylon  
  49  4:10  Assimilator  
  49  4:11  Probe (Chrono Boost)  
  49  4:12  Assimilator  
  49  4:13  Probe (Chrono Boost)  
  50  4:17  Observer  
  50  4:19  Blink  
  50  4:23  Probe (Chrono Boost)  
  53  4:25  Probe (Chrono Boost)  
  53  4:29  Pylon  
  53  4:35  Probe (Chrono Boost)  
  53  4:37  Probe (Chrono Boost)  
  55  4:41  Adept  
  55  4:42  Observer  
  57  4:49  Pylon  
  57  4:52  Adept  
  58  4:59  Probe (Chrono Boost)  
  59  5:02  Dark Templar  
  59  5:06  Probe (Chrono Boost), Dark Templar  
  64  5:18  Probe (Chrono Boost)  
  64  5:19  Probe (Chrono Boost)  
  53  5:30  Probe (Chrono Boost)  
  53  5:36  Probe (Chrono Boost)  
  53  5:37  Nexus  
  53  5:40  Stalker  
  55  5:43  Probe (Chrono Boost)  
  55  5:48  Probe (Chrono Boost)  
  56  5:51  Stalker x2  
  56  5:55  Probe (Chrono Boost)  
  61  5:59  Immortal  
  61  6:01  Probe (Chrono Boost)  
  66  6:07  Probe (Chrono Boost)  
  66  6:10  Resonating Glaives  
  68  6:13  Probe (Chrono Boost)  
  68  6:15  Sentry x3  
  75  6:19  Probe (Chrono Boost)  
  75  6:20  Pylon  
  75  6:25  Probe (Chrono Boost)  
  76  6:31  Probe (Chrono Boost)  
  77  6:34  Gateway  
  77  6:35  Gateway  
  77  6:37  Probe (Chrono Boost)  
  77  6:40  Gateway  
  77  6:44  Gateway  
  77  6:47  Gateway  
  77  6:52  Probe x2 (Chrono Boost)  
  77  6:53  Immortal  
  83  7:03  Probe (Chrono Boost)  
  83  7:04  Probe (Chrono Boost)  
  83  7:05  Probe (Chrono Boost)  
  86  7:13  Pylon  
  86  7:14  Pylon  
  86  7:15  Adept  
  86  7:19  Adept  
  86  7:22  Pylon  
  90  7:23  Adept  
  90  7:26  Probe (Chrono Boost)  
  90  7:28  Probe (Chrono Boost)  
  90  7:29  Probe (Chrono Boost)  
  95  7:36  Adept x3  
  95  7:37  Adept  
  103  7:41  Stalker  
  103  7:42  Pylon  
  100  7:56  Stalker x4  
  98  8:09  Adept x3  
  81  8:20  Stalker x2  
  85  8:30  Adept x2  
  85  8:31  Adept  
  93  8:48  Sentry x3, Adept  
  97  8:53  Adept x2  
Tags
 
Add a new tag
Caveats
  • Supply blocks, unpowered buildings, or Contaminate may cause inaccurate times.
  • Supply counts are checked every 10 seconds.